 Dungeon Crawl Stone Soup version 0.20.0-15-g7f486f2 (webtiles) character file.

380 robba the Cudgeler (level 6, -9/61 HPs)
             Began as a Troll Berserker on July 1, 2017.
             Was a Believer of Trog.
             Blown up by Ijyb (22 damage)
             ... with a wand of disintegration (?/24)
             ... on level 4 of the Dungeon.
             The game lasted 00:18:52 (2747 turns).

robba the Cudgeler (Troll Berserker)                Turns: 2747, Time: 00:18:53

Health: -9/61      AC:  6    Str: 27    XL:     6   Next: 46%
Magic:  5/5        EV: 11    Int:  4    God:    Trog [**....]
Gold:   250        SH:  3    Dex:  9    Spells: 5/5 levels left

rFire    . . .     SeeInvis .   s - +0 morningstar
rCold    . . .     Gourm    +   (no shield)
rNeg     . . .     Faith    .   b - +0 animal skin
rPois    .         Spirit   .   (helmet restricted)
rElec    .         Reflect  +   v - +0 cloak
rCorr    .         Harm     .   (gloves unavailable)
MR       .....                  (boots unavailable)
Stlth    +.........             u - +3 amulet of reflection
Regen    0.6/turn               j - ring of flight
MPRegen  0.1/turn               (no ring)

@: no status effects
A: unfitting armour, claws 3, fast metabolism 3, gourmand, regeneration 1,
shaggy fur 1, tough skin 2
a: Berserk, Trog's Hand, Burn Spellbooks, Renounce Religion, Evoke Flight


You were on level 4 of the Dungeon.
You worshipped Trog.
Trog was pleased with you.
You were completely stuffed.

You visited 1 branch of the dungeon, and saw 4 of its levels.

You collected 250 gold pieces.

Inventory:

Hand Weapons
 a - a +0 mace
 s - a +0 morningstar (weapon)
Missiles
 o - 8 javelins
 x - 4 tomahawks
 y - 6 large rocks (quivered)
Armour
 b - a +0 animal skin (worn)
 v - a +0 cloak (worn)
Jewellery
 e - an uncursed amulet of harm
 j - a ring of flight (left claw)
 u - a +3 amulet of reflection (around neck)
Wands
 w - a wand of lightning (6/15)
 A - a wand of flame (36/48)
Scrolls
 i - a scroll of enchant armour {unknown}
 k - 2 scrolls of remove curse {unknown}
 l - 3 scrolls of teleportation
 p - a scroll of recharging {unknown}
 q - a scroll of enchant weapon {unknown}
 z - a scroll of amnesia {unknown}
Potions
 g - a potion of flight
 m - a potion of ambrosia {unknown}
 n - a potion of heal wounds {unknown}
Comestibles
 c - 7 bread rations
 f - 2 meat rations
 h - 7 fruits
 t - a royal jelly


   Skills:
 + Level 3.1 Fighting
 + Level 5.0 Maces & Flails
 + Level 4.0 Dodging
 + Level 0.6 Stealth


You had 5 spell levels left.
You didn't know any spells.

Dungeon Overview and Level Annotations

Branches:
Dungeon (4/15)
 Temple: D:4-7

Altars:
Ashenzari
Sif Muna
Uskayaw
Vehumet

Annotations:
D:4 Ijyb


Innate Abilities, Weirdness & Mutations

You are too large for most types of armour.
You have claws for hands.
Your metabolism is lightning-fast.
You like to eat raw meat.
Your natural rate of healing is unusually fast.
You are covered in fur. (AC +1)
You have very tough skin. (AC +2)


Message History

Ijyb is lightly wounded.
Ijyb hits you but does no damage.
Ijyb zaps a wand.
You are blasted!
* * * LOW HITPOINT WARNING * * *
You barely miss Ijyb.
Ijyb is lightly wounded.
Ijyb zaps a wand.
You barely resist. You hit Ijyb.
Ijyb is lightly wounded.
Ijyb hits you but does no damage.
You barely miss Ijyb.
Ijyb is lightly wounded.
Ijyb hits you.
* * * LOW HITPOINT WARNING * * *
You closely miss Ijyb.
Ijyb is lightly wounded.
Ijyb misses you. x2
You barely miss Ijyb.
Ijyb is lightly wounded.
Ijyb zaps a wand.
You are blasted!
You die...

.. #...# ##.#### #...#
.....# #...#
##.#.#######...##
####....##..........
..#..............[. .
#.#....##.......)).
....##.##.#.#####.#..)#.
#...g@....# #.#...#.
##.#.#..### #.#...#.
#.#...# #.#...#. #...#.#
#.#...#. ###...#
#.......
...##########.###
....#.............
#####.###.......#.
#....>.#..........


You could see Ijyb.

Vanquished Creatures
  The ghost of robba the Magician, an amateur NaWz of Qazlal (D:4)
  Terence (D:2)
  7 adders
  An ooze (D:4)
  A worm (D:3)
  A leopard gecko (D:1)
  9 orcs
  6 bats
  2 giant cockroaches
  5 hobgoblins
  10 kobolds
  2 quokkas
  6 frilled lizards
  12 goblins
  A leopard gecko skeleton (D:4)
  9 rats (D:1)
74 creatures vanquished.

Notes
Turn   | Place    | Note
-------+----------+-------------------------------------------
     0 | D:1      | robba the Troll Berserker began the quest for the Orb.
     0 | D:1      | Reached XP level 1. HP: 22/22 MP: 0/0
   289 | D:1      | Reached XP level 2. HP: 29/29 MP: 1/1
   349 | D:1      | Reached skill level 3 in Maces & Flails
   683 | D:1      | Reached ** piety under Trog
   870 | D:1      | Reached XP level 3. HP: 33/36 MP: 2/2
  1358 | D:2      | Noticed Terence
  1371 | D:2      | Killed Terence
  1371 | D:2      | Reached XP level 4. HP: 7/44 MP: 3/3
  1374 | D:2      | HP: 1/44 [adder (3)]
  1520 | D:2      | Found a deep blue altar of Sif Muna.
  1626 | D:2      | Found a shattered altar of Ashenzari.
  1626 | D:2      | Found a hide-covered altar of Uskayaw.
  1938 | D:3      | Found a radiant altar of Vehumet.
  2115 | D:3      | Reached XP level 5. HP: 47/50 MP: 4/4
  2249 | D:3      | Reached skill level 4 in Maces & Flails
  2530 | D:4      | Noticed robba's ghost (amateur NaWz)
  2567 | D:4      | Killed robba's ghost
  2567 | D:4      | Reached skill level 5 in Maces & Flails
  2567 | D:4      | Reached XP level 6. HP: 46/61 MP: 5/5
  2732 | D:4      | Noticed Ijyb
  2747 | D:4      | Blown up by Ijyb

Skill      XL: |  1  2  3  4  5 |
---------------+----------------+-----
Maces & Flails | 3 5 |  5.0
Dodging        | 3 4 |  4.0
Fighting       | 3 |  3.1
Stealth        | |  0.6

Action                   |  1- 3 |  4- 6 || total
-------------------------+-------+-------++-------
Melee: Mace              |   118 |   106 ||   224
       Morningstar       |       |    23 ||    23
Invok: Berserk           |       |     1 ||     1
  Use: Scroll            |     1 |     4 ||     5
       Potion            |       |     4 ||     4
 Stab: Sleeping          |       |     1 ||     1
  Eat: Chunk             |    18 |    14 ||    32
Armor: Animal skin       |    61 |    39 ||   100
Dodge: Dodged            |    78 |    96 ||   174
Block: Other             |       |    11 ||    11
       Reflection        |       |     1 ||     1
